 Dungeon Crawl Stone Soup version 0.30.1-11-g7821555f0a (webtiles) character file.

Game seed: 4109969940802251509

7520 Ijustatesigmund the Destroyer (level 11, -4/62 HPs)
             Began as a Gargoyle Earth Elementalist on Nov 7, 2023.
             Was a Believer of Vehumet.
             Slain by Sonja
             ... wielding a +0 dagger of distortion
              (23 damage)
             ... on level 10 of the Dungeon.
             The game lasted 00:24:04 (10803 turns).

Ijustatesigmund the Destroyer (GrEE)               Turns: 10803, Time: 00:24:06

Health: -4/62      AC: 19    Str: 11    XL:     11   Next: 16%
Magic:  27/32      EV: 11    Int: 21    God:    Vehumet [**....]
Gold:   253        SH:  0    Dex: 10    Spells: 14/26 levels left

rFire   . . .        r - +5 club
rCold   + . .        (no shield)
rNeg    + + .        a - +2 leather armour {rN+}
rPois   ∞            o - +2 helmet
rElec   +            H - +2 cloak {Will+}
rCorr   .            (no gloves)
SInv    .            (no boots)
Will    +....        n - amulet of magic regeneration
Stlth   ++           p - ring of magical power
HPRegen 0.30/turn    w - ring of protection from cold
MPRegen 0.63/turn

%: no passive effects
@: no status effects
A: sickness immunity, AC +8, negative energy resistance 1, electricity
resistance, torment resistance 1, petrification resistance
a: Renounce Religion


You were on level 10 of the Dungeon.
You worshipped Vehumet.
Vehumet was pleased with you.
You visited 2 branches of the dungeon, and saw 11 of its levels.

You collected 521 gold pieces.
You spent 268 gold pieces at shops.

Inventory:

Hand Weapons
 d - a +0 flail of holy wrath
 r - a +5 club (weapon)
Armour
 a - a +2 leather armour of positive energy (worn)
 o - a +2 helmet (worn)
 H - a +2 cloak of willpower (worn)
Jewellery
 n - an amulet of magic regeneration (around neck)
 p - a ring of magical power (left hand)
 w - a ring of protection from cold (right hand)
 I - an amulet of faith
Wands
 z - a wand of roots (15)
 B - a wand of mindburst (20)
 J - a wand of paralysis (5)
Scrolls
 i - 2 scrolls of magic mapping
 j - a scroll of fog {unknown}
 k - a scroll of poison
 m - 4 scrolls of teleportation
 t - 2 scrolls of immolation
 u - a scroll of enchant weapon {unknown}
 y - 2 scrolls of vulnerability {unknown}
 A - a scroll of brand weapon {unknown}
 F - a scroll of enchant armour {unknown}
 G - a scroll of blinking {unknown}
Potions
 b - a potion of magic
 c - a potion of brilliance
 e - 2 potions of lignification
 f - a potion of mutation
 g - 3 potions of attraction
 h - a potion of invisibility
 l - 4 potions of curing
 q - 3 potions of berserk rage
 s - 6 potions of heal wounds
 v - 2 potions of might
 x - 2 potions of flight
 C - a potion of resistance {unknown}
 D - 2 potions of cancellation {unknown}
 E - a potion of haste {unknown}


   Skills:
 - Level 4.9 Fighting
 - Level 4.0 Maces & Flails
 - Level 3.7 Armour
 - Level 1.5 Dodging
 - Level 2.1 Stealth
 + Level 8.0 Spellcasting
 - Level 9.0 Conjurations
 + Level 2.6 Necromancy
 + Level 5.1 Translocations
 - Level 0.7 Transmutations
 - Level 8.1 Earth Magic
 - Level 2.5 Evocations


You had 14 spell levels left.
You knew the following spells:

 Your Spells              Type           Power      Damage    Failure   Level
a - Magic Dart            Conj           100%       1d8       1%          1
b - Stone Arrow           Conj/Erth      88%        3d12      1%          3
c - Iskenderun's Mystic   Conj/Tloc      38%        2d9       5%          4
d - Dispel Undead         Necr           19%        3d11      32%         4

Your spell library contained the following spells:

 Spells                   Type           Power      Damage    Failure   Level
 Searing Ray              Conj           92%        2d7       1%          2
 Kiss of Death            Conj/Necr      100%       2d13      1%          1
 Sandblast                Erth           84%        2d18      1%          1
 Shock                    Conj/Air       100%       1d9       1%          1
 Lesser Beckoning         Tloc           60%        N/A       1%          2
 Passwall                 Tmut/Erth      22%        N/A       2%          2
 Necrotise                Necr           76%        1d7       3%          1
 Gell's Gravitas          Tloc           30%        N/A       3%          3
 Teleport Other           Tloc           30%        N/A       3%          3
 Mephitic Cloud           Conj/Pois/Air  21%        N/A       9%          3
 Summon Small Mammal      Summ           32%        N/A       10%         1
 Vampiric Draining        Necr           19%        2d7       10%         3
 Lee's Rapid Deconstruct  Erth           21%        3d12*     10%         5
 Volatile Blastmotes      Fire/Tloc      38%        2d13      11%         3
 Call Imp                 Summ           16%        N/A       16%         2
 Fulminant Prism          Conj/Hex       13%        3d8       16%         4
 Petrify                  Tmut/Erth      27%        N/A       16%         4
 Call Canine Familiar     Summ           8%         N/A       30%         3
 Confusing Touch          Hex            8%         N/A       30%         3
 Summon Guardian Golem    Hex/Summ       8%         N/A       30%         3
 Swiftness                Air            8%         N/A       30%         3
 Agony                    Necr           19%        N/A       67%         5
 Airstrike                Air            4%         2d(1-17)  69%         4
 Dispersal                Tloc           15%        N/A       88%         6
 Orb of Destruction       Conj           23%        9d8       91%         7
 Spellforged Servitor     Conj/Summ      13%        N/A       100%        7


Dungeon Overview and Level Annotations

Branches:
Dungeon (10/15)            Temple (1/1) D:6
   Lair: D:8-11         Orc: D:9-12

Altars:
Ashenzari
Cheibriados
Elyvilon
Fedhas
Gozag
Hepliaklqana
Kikubaaqudgha
Makhleb
Nemelex Xobeh
Okawaru
Qazlal
Ru
Sif Muna
Trog
Uskayaw
Vehumet
Wu Jian
Xom
Yredelemnul
Zin
The Shining One

Shops:
D:2 !   D:7 =[:==   D:9 *

Annotations:
D:5 Dowan
D:9 4 transporters
D:10 Sonja


Innate Abilities, Weirdness & Mutations

You are immune to sickness and miasma.
Your stone body is resilient. (AC +8)
You are immune to poison.
You resist negative energy. (rN+)
You are resistant to electric shocks. (rElec)
You are resistant to unholy torment.
You are immune to petrification.


Message History

Vehumet accepts your kill.
You feel your power returning.
Casting: Stone Arrow (safe; 1% risk of failure)
Confirm with . or Enter, or press ? or * to list all spells.
Aiming: Stone Arrow (safe; 1% risk of failure)
Press: ? - help, Shift-Dir - straight line, f - orc
Aim: an orc, wielding a +0 short sword (76% to hit)
The stone arrow hits the orc!!
You kill the orc!
Vehumet accepts your kill.
You feel your power returning.
You see here a +0 short sword.
As you open the door, it creaks loudly!
Found an escape hatch in the ceiling.
Found a stone staircase leading down.
There is an open door here.
Found a pair of boots.
Sonja, the Graceful Assassin comes into view.
She is wielding a +0 dagger of distortion and quivering curare-tipped darts.
Sonja shouts!
Casting: Stone Arrow (safe; 1% risk of failure)
Confirm with . or Enter, or press ? or * to list all spells.
Aiming: Stone Arrow (safe; 1% risk of failure)
Press: ? - help, Shift-Dir - straight line, f - Sonja
Aim: Sonja, wielding a +0 dagger of distortion and quivering curare-tipped darts (37% to hit)
The stone arrow misses Sonja.
Sonja closely misses you. Sonja barely misses you.
Sonja hits you but does no damage. Space warps around you.
Casting: Stone Arrow (safe; 1% risk of failure)
Confirm with . or Enter, or press ? or * to list all spells.
Aiming: Stone Arrow (safe; 1% risk of failure)
Press: ? - help, Shift-Dir - straight line, f/p - Sonja
Aim: Sonja, wielding a +0 dagger of distortion and quivering curare-tipped darts (37% to hit)
The stone arrow hits Sonja!
Sonja is heavily wounded.
Sonja barely misses you.
Sonja hits you with a +0 dagger of distortion.
Space warps horribly around you!
Sonja hits you with a +0 dagger of distortion.
Space warps horribly around you!! Sonja closely misses you.
Sonja hits you but does no damage. Space warps horribly around you!!
You die...

#.............
###.............
#.......#########
#.......#.......#
#.......#.......#
#..)....'.......#
#..))...#.......#
#.......#.......#
#...#####@.....<#
#...#...K.......#
#...#...........#
#...#.....?.....#
#...#..[..>.....#
#...#.........=..
#...#............
####...#............
#......#


You could see Sonja.

Vanquished Creatures
  A two-headed ogre (D:9)
  2 skeletal warriors
  Joseph (D:8)
  Grinder (D:6)
  A hornet (D:7)
  Prince Ribbit (D:7)
  3 yaks (D:9)
  A wyvern (D:9)
  Grum (D:8)
  2 steam dragons
  2 water moccasins (D:7)
  A sky beast (D:7)
  2 orc warriors
  4 black bears
  3 ogres
  4 wolves
  A centaur (D:8)
  A phantom (D:4)
  2 kobold brigands
  2 bullfrogs
  5 scorpions
  4 wights (D:6)
  5 killer bees (D:10)
  5 howler monkeys
  10 orc priests
  7 hounds
  A jelly (D:5)
  A gnoll bouda (D:7)
  Crazy Yiuf (D:7)
  5 iguanas
  Jessica (D:2)
  A sleepcap (D:8)
  Natasha (thrice) (D:2)
  6 orc wizards
  4 gnolls (D:7)
  9 adders
  2 shadow imps (D:7)
  2 ufetubi
  2 worms
  A dart slug (D:4)
  28 orcs
  4 ball pythons
  7 endoplasms
  5 giant cockroaches
  8 goblins
  7 hobgoblins
  19 kobolds
  A quokka (D:3)
  4 bats
  4 frilled lizards
  A rat (D:1)
199 creatures vanquished.

Notes
Turn   | Place    | Note
-------+----------+-------------------------------------------
     0 | D:1      | Ijustatesigmund the Gargoyle Earth Elementalist began the
                  | quest for the Orb.
     0 | D:1      | Reached XP level 1. HP: 10/10 MP: 3/3
   291 | D:1      | Reached XP level 2. HP: 11/16 MP: 1/5
   462 | D:1      | Reached skill level 1 in Fighting
   893 | D:2      | Reached XP level 3. HP: 20/20 MP: 3/6
   897 | D:2      | Learned a level 3 spell: Stone Arrow
   955 | D:2      | Found Cudototh's Distillery.
  1010 | D:2      | Noticed Natasha
  1018 | D:2      | Killed Natasha
  1019 | D:2      | Reached skill level 1 in Conjurations
  1019 | D:2      | Reached XP level 4. HP: 18/25 MP: 5/8
  1187 | D:2      | Identified the +1 dagger "Hiteh" {heavy, rPois}
  1353 | D:2      | Found the Hermit's Pendant {Faith Invo=14 Evo=0 MP+5}
  1405 | D:2      | Noticed Natasha
  1408 | D:2      | Killed Natasha
  1409 | D:2      | Reached skill level 2 in Conjurations
  1586 | D:2      | Reached XP level 5. HP: 29/29 MP: 6/9
  1768 | D:2      | Noticed Natasha
  1771 | D:2      | Killed Natasha
  1772 | D:2      | Reached skill level 3 in Conjurations
  1796 | D:2      | Noticed Jessica
  1799 | D:2      | Killed Jessica
  1951 | D:2      | Reached skill level 5 in Earth Magic
  2582 | D:3      | Found a snail-covered altar of Cheibriados.
  2779 | D:3      | Found a faded altar of an unknown god.
  3108 | D:3      | Found a glowing golden altar of the Shining One.
  3217 | D:4      | Reached XP level 6. HP: 26/34 MP: 10/10
  3258 | D:4      | Reached skill level 4 in Conjurations
  3398 | D:4      | Found a white marble altar of Elyvilon.
  3633 | D:4      | Noticed a black bear
  3804 | D:4      | Reached XP level 7. HP: 38/38 MP: 12/12
  3821 | D:4      | Reached skill level 5 in Conjurations
  4470 | D:5      | Entered Level 5 of the Dungeon
  4748 | D:5      | Reached skill level 6 in Conjurations
  4748 | D:5      | Reached XP level 8. HP: 42/44 MP: 8/14
  4868 | D:5      | Noticed Dowan
  4923 | D:6      | Reached skill level 1 in Maces & Flails
  5092 | D:6      | Noticed Grinder
  5121 | D:6      | Paralysed by Grinder for 2 turns
  5124 | D:6      | Killed Grinder
  5536 | D:6      | Reached skill level 7 in Conjurations
  5556 | D:6      | Found a staircase to the Ecumenical Temple.
  5567 | D:6      | Reached skill level 5 in Spellcasting
  5595 | Temple   | Entered the Ecumenical Temple
  5782 | Temple   | Became a worshipper of Vehumet
  5939 | D:6      | Reached XP level 9. HP: 51/51 MP: 15/16
  6353 | D:6      | Reached skill level 1 in Evocations
  6691 | D:7      | Found Lotugyny's Book Shoppe.
  6703 | D:7      | Reached skill level 8 in Conjurations
  7028 | D:7      | Found Tosigac's Armour Shop.
  7048 | D:7      | Found an iron altar of Okawaru.
  7144 | D:7      | Found Tiwajux's Jewellery Emporium.
  7190 | D:7      | Found Hiores's Jewellery Shoppe.
  7316 | D:7      | Bought a book of Minor Magic for 216 gold pieces
  7318 | D:7      | Learned a level 1 spell: Magic Dart
  7379 | D:7      | Noticed a hornet
  7382 | D:7      | Killed a hornet
  7533 | D:7      | Noticed Prince Ribbit
  7541 | D:7      | Killed Prince Ribbit
  7543 | D:7      | Reached * piety under Vehumet
  7543 | D:7      | Offered knowledge of Freeze by Vehumet.
  7572 | D:7      | Found Riasemm's Jewellery Shoppe.
  7651 | D:7      | Found a runed translucent door.
  7652 | D:7      | Noticed Crazy Yiuf
  7657 | D:7      | Killed Crazy Yiuf
  8089 | D:5      | Found a sacrificial altar of Ru.
  8213 | D:5      | Reached XP level 10. HP: 58/58 MP: 15/18
  8326 | D:5      | Reached skill level 9 in Conjurations
  8477 | D:5      | Learned a level 4 spell: Iskenderun's Mystic Blast
  8530 | D:8      | Noticed Grum
  8537 | D:7      | Reached skill level 1 in Translocations
  8762 | D:8      | Noticed Joseph
  8773 | D:8      | Killed Joseph
  8933 | D:8      | Reached skill level 1 in Armour
  8946 | D:8      | Killed Grum
  9257 | D:8      | Found a sparkling altar of Nemelex Xobeh.
  9277 | D:8      | Found a shimmering altar of Xom.
  9527 | D:8      | Noticed a skeletal warrior
  9535 | D:8      | Noticed a skeletal warrior
  9536 | D:8      | Noticed a skeletal warrior
  9538 | D:8      | Noticed a skeletal warrior
  9540 | D:8      | Noticed a skeletal warrior
  9543 | D:8      | Killed a skeletal warrior
  9580 | D:7      | Killed a skeletal warrior
  9580 | D:7      | Offered knowledge of Static Discharge by Vehumet.
  9758 | D:9      | Learned a level 4 spell: Dispel Undead
  9820 | D:9      | Reached ** piety under Vehumet
  9977 | D:9      | Reached skill level 1 in Necromancy
 10002 | D:9      | Found a transporter.
 10016 | D:9      | Reached XP level 11. HP: 62/62 MP: 13/22
 10109 | D:9      | Found Qosa's General Store.
 10117 | D:9      | Bought a scroll of poison for 52 gold pieces
 10190 | D:9      | Found a transporter.
 10301 | D:9      | Noticed a two-headed ogre
 10308 | D:9      | Killed a two-headed ogre
 10309 | D:9      | Reached skill level 5 in Translocations
 10391 | D:9      | Found a transporter.
 10419 | D:9      | Found a transporter.
 10619 | D:9      | Found a basalt altar of Yredelemnul.
 10619 | D:9      | Found an ancient bone altar of Kikubaaqudgha.
 10626 | D:9      | Found an ornate altar of the Wu Jian Council.
 10628 | D:9      | Found a hazy altar of Hepliaklqana.
 10630 | D:9      | Found a stormy altar of Qazlal.
 10678 | D:10     | Entered Level 10 of the Dungeon
 10683 | D:10     | Offered knowledge of Searing Ray by Vehumet.
 10801 | D:10     | Noticed Sonja
 10803 | D:10     | Slain by Sonja

Illustrated notes

Levels and vault maps discovered:
D:1:      sevenhm_arrival_forest_fort_small_4, layout_basic, minmay_misc_feat_x,
          minmay_tromino_v4_c
D:2:      layout_basic, serial_shops, nicolae_shop_industrial_runoff,
          hangedman_decor_clover_reticule, uniq_jessica, uniq_natasha
D:3:      layout_basic, cheibrodos_worm_habitat, tso_altar,
          hellmonk_ecumenical_altar_crossroads
D:4:      layout_cave_pools, elyvilon_altar_1, minmay_pentomino_pile
D:5:      layout_cave_pods, mainiacjoe_overflow_cross_hatched, uniq_duvessa
D:6:      layout_basic, minmay_temple_entry_offerings, serial_curves,
          eino_curves_03, eino_curves_02, uniq_grinder
D:7:      layout_rooms, mainiacjoe_overflow_surrounded_room, serial_shops, shop,
          shop, nicolae_shop_gaudy_bauble, nicolae_take_the_stairs,
          nicolae_shop_gaudy_bauble, minmay_misc_feat_nine_boxes,
          reono_crystal_passage, minmay_parallelograms, uniq_crazy_yiuf_cottage,
          uniq_prince_ribbit1
D:8:      layout_loops_ring, mainiacjoe_overflow_alcove_1,
          nemelex_spade_bored_becter, nicolae_transporter_intersection,
          uniq_grum, uniq_joseph
D:9:      layout_loops_ring, chequers_temple_overflow_minitemple, serial_shops,
          shop, nicolae_diode_intersection
D:10:     layout_irregular_city, mainiacjoe_overflow_concentric_impassable,
          serial_shops, shop, uniq_sonja
Temple:   hellmonk_temple_beads

Skill      XL: |  1  2  3  4  5  6  7  8  9 10 11 |
---------------+----------------------------------+-----
Fighting       | 1 3 4 |  4.9
Earth Magic    | 4 5 6 7 8 |  8.1
Conjurations   | 1 2 3 4 6 7 8 9 |  9.0
Spellcasting   | 3 4 5 7 8 |  8.0
Maces & Flails | 2 4 |  4.0
Evocations     | 2 |  2.5
Translocations | 4 5 |  5.1
Armour         | 3 |  3.7
Necromancy     | 1 2 |  2.6
Dodging        | |  1.5
Stealth        | |  2.1
Transmutations | |  0.7

Action                     |  1- 3 |  4- 6 |  7- 9 | 10-12 || total
---------------------------+-------+-------+-------+-------++-------
  Melee: Club              |     2 |    16 |    57 |    19 ||    94
   Cast: Sandblast         |    21 |    70 |    15 |       ||   106
         Stone Arrow       |       |    11 |   114 |    78 ||   203
         Magic Dart        |       |       |    17 |    42 ||    59
         Iskenderun's Myst |       |       |       |     8 ||     8
  Evoke: Wand              |       |       |     4 |    10 ||    14
    Use: Scroll            |       |     6 |     5 |     4 ||    15
         Potion            |       |     1 |       |     1 ||     2
   Stab: Invisible         |       |       |       |     3 ||     3
 Armour: Robe              |     4 |    18 |    43 |     5 ||    70
         Leather armour    |       |       |       |    12 ||    12
  Dodge: Dodged            |     6 |    21 |    46 |    36 ||   109
